 Dungeon Crawl Stone Soup version 0.26-a0-682-g294304f6e8 (webtiles) character file.

Game seed: 1286286024870289401

1054 DogServant the Conjurer (level 8, -5/60 HPs)
             Began as a Yellow Draconian Conjurer on Oct 21, 2020.
             Was an Initiate of Hepliaklqana.
             Slain by a yak (7 damage)
             ... on level 5 of the Dungeon.
             The game lasted 00:12:27 (4996 turns).

DogServant the Conjurer (Yellow Draconian Conjurer) Turns: 4996, Time: 00:12:28

Health: -5/60      AC:  6    Str: 17    XL:     8   Next: 5%
Magic:  13/13      EV: 12    Int: 18    God:    Hepliaklqana [......]
Gold:   259        SH:  0    Dex: 13    Spells: 4/14 levels left

rFire    . . .     SeeInvis .   i - +1 hand axe of Wodaaf {flame, rPois Str+4 Dex+2}
rCold    . . .     Faith    .   (no shield)
rNeg     . . .     Spirit   .   (armour unavailable)
rPois    +         Reflect  .   (helmet restricted)
rElec    .         Harm     .   (no cloak)
rCorr    +         Rampage  .   (no gloves)
MR       .....                  (no boots)
Stlth    ++........             l - amulet of magic regeneration
HPRegen  0.20/turn              (no ring)
MPRegen  0.38/turn              (no ring)

@: mighty, short of breath, stab
A: spit acid, unfitting armour, reduced essence, agile 1, dopey 1, strong 1,
evolution 1, cold-blooded, acid resistance, AC +6
a: Breathe Acid, Recall Ancestor, Ancestor Identity, Renounce Religion


You were on level 5 of the Dungeon.
You worshipped Hepliaklqana.
Hepliaklqana was noncommittal.
You visited 2 branches of the dungeon, and saw 6 of its levels.

You collected 259 gold pieces.

Inventory:

Hand Weapons
 i - the +1 hand axe of Wodaaf (weapon) {flame, rPois Str+4 Dex+2}
   (You found it on level 4 of the Dungeon)

   It has been specially enchanted to burn those struck by it, causing extra
   injury to most foes and up to half again as much damage against particularly
   susceptible opponents.
   Big, fiery blades are also staple armaments of hydra-hunters.
   It affects your strength (+4).
   It affects your dexterity (+2).
   It protects you from poison.
 p - a +1 whip of electrocution
Missiles
 d - 3 poisoned darts (quivered)
Magical Staves
 g - an uncursed staff of air
Jewellery
 a - an uncursed amulet of reflection
 l - an amulet of magic regeneration (around neck)
 q - an uncursed amulet of regeneration {unknown}
 v - an uncursed ring of ice {unknown}
Scrolls
 b - a scroll of fog {unknown}
 e - 3 scrolls of immolation
 h - 3 scrolls of remove curse
 j - a scroll of fear {unknown}
 m - 5 scrolls of teleportation
 o - a scroll of random uselessness {unknown}
 s - 2 scrolls of identify
 t - a scroll of magic mapping {unknown}
 w - a scroll of blinking {unknown}
Potions
 c - a potion of lignification
 f - 3 potions of magic
 r - a potion of resistance {unknown}
 u - a potion of curing {unknown}


   Skills:
 + Level 4.8 Fighting
 + Level 3.9 Axes
 - Level 0.4(2.4) Maces & Flails
 - Level 1.7 Dodging
 - Level 1.7 Stealth
 - Level 3.5 Spellcasting
 - Level 6.0 Conjurations
 + Level 3.5 Hexes


You had 4 spell levels left.
You knew the following spells:

 Your Spells              Type           Power        Failure   Level
a - Magic Dart            Conj           ###.         1%          1
b - Searing Ray           Conj           ###...       1%          2
c - Dazzling Flash        Conj/Hex       ###...       6%          3
d - Fulminant Prism       Conj/Hex       ###.......   22%         4

Your spell library contained the following spells:

 Spells                   Type           Power        Failure   Level
 Iskenderun's Mystic Bla  Conj/Tloc      ##......     41%         4


Dungeon Overview and Level Annotations

Branches:
Dungeon (5/15)             Temple (1/1) D:4

Altars:
Ashenzari
Hepliaklqana
Makhleb
Okawaru
Qazlal
Uskayaw
Wu Jian
Yredelemnul


Innate Abilities, Weirdness & Mutations

You can spit globs of acid.
Your golden yellow scales are hard. (AC +6)
You cannot fit into any form of body armour.
You are cold-blooded and may be slowed by cold attacks.
You are resistant to acid. (rCorr)
Your life essence is reduced to manifest your ancestor. (-10% HP)
You are agile. (Dex +2)
You are dopey. (Int -2)
Your muscles are strong. (Str +2)
You evolve.


Message History

The yak is almost dead.
You hit the yak. You burn the yak. The yak gores you!
The yak closely misses you.
Press: ? - help, Shift-Dir - straight line, f/p - yak
Aim: a yak (lightly wounded)
You spit a glob of acid.
The glob of acid misses the yak.
The yak gores you!
* * * LOW HITPOINT WARNING * * *
The yak gores you!
* * * LOW HITPOINT WARNING * * *
Unknown command.
Okay, then.
Okay, then.
It was a potion of might.
You feel very mighty all of a sudden. The yak barely misses you.
The yak gores you but does no damage.
It was a potion of stabbing.
You feel ready to backstab.
An ice beast comes into view.
The yak gores you!
You die...

##....###..# #.....##^.....# #.#
#.#####...##.## #.# # #....#....#
#.# . ##.#######.#### #.# .##..#
#.<....# ###.######## ....##
#.####.######........... ....#
###.####R#!.....#....<....
....###.........@.....รท)..#######
...........####YY##Y.>...##
.....))#...## ##.#........##
............## #...........#
.............####..........###
...)................!...Y...>.
...................Y...........
###.........#####.......Y..###.
##...#...## ##............


You could see the friendly Ru the ancestor, 2 yaks and an ice beast.

Vanquished Creatures
  A yak (D:5)
  A phantom (D:4)
  2 ogres (D:4)
  An orc priest (D:3)
  3 orc wizards
  2 bullfrog skeletons
  A hound (D:4)
  Robin (D:2)
  5 adders
  3 worms (D:2)
  5 dart slugs
  5 leopard geckos
  18 orcs
  5 giant cockroaches
  18 goblins
  7 hobgoblins
  4 jackals
  A ball python (D:1)
  5 bats
  3 frilled lizards
  11 kobolds
  5 rats
107 creatures vanquished.

Vanquished Creatures (collateral kills)
  A yak (D:5)
  An ogre (D:5)
  A bullfrog skeleton (D:5)
  A howler monkey skeleton (D:5)
4 creatures vanquished.

Vanquished Creatures (others)
  An ancestor (D:4)
1 creature vanquished.

Grand Total: 112 creatures vanquished

Notes
Turn   | Place    | Note
-------+----------+-------------------------------------------
     0 | D:1      | DogServant the Draconian Conjurer began the quest for the
                  | Orb.
     0 | D:1      | Reached XP level 1. HP: 14/14 MP: 3/3
   271 | D:1      | Reached XP level 2. HP: 19/20 MP: 3/5
   981 | D:1      | Reached XP level 3. HP: 26/26 MP: 4/7
  1564 | D:2      | Noticed Robin
  1660 | D:1      | Learned a level 2 spell: Searing Ray
  1688 | D:2      | Killed Robin
  1702 | D:2      | Reached XP level 4. HP: 30/33 MP: 2/8
  2331 | D:3      | Reached skill level 5 in Conjurations
  2616 | D:3      | Noticed a fire elemental
  2619 | D:3      | Found a stormy altar of Qazlal.
  2622 | D:3      | Noticed a water elemental
  2622 | D:3      | Noticed an earth elemental
  2622 | D:3      | Noticed an air elemental
  2750 | D:3      | Reached skill level 1 in Fighting
  2750 | D:3      | Reached XP level 5. HP: 7/40 MP: 4/10
  3234 | D:3      | Learned a level 3 spell: Dazzling Flash
  3239 | D:3      | Learned a level 4 spell: Fulminant Prism
  3240 | D:3      | Gained mutation: You are dopey. (Int -2) [potion of
                  | mutation]
  3240 | D:3      | Gained mutation: Your muscles are strong. (Str +2) [potion
                  | of mutation]
  3240 | D:3      | Gained mutation: You are agile. (Dex +2) [potion of
                  | mutation]
  3240 | D:3      | Gained mutation: You evolve. [potion of mutation]
  3499 | D:4      | Got a translucent hand axe
  3500 | D:4      | Identified the +1 hand axe of Wodaaf {flame, rPois Str+4
                  | Dex+2} (You found it on level 4 of the Dungeon)
  3817 | D:4      | Reached XP level 6. HP: 39/48 MP: 1/11
  3925 | D:4      | Found a staircase to the Ecumenical Temple.
  3945 | D:4      | Reached skill level 1 in Hexes
  3955 | Temple   | Entered the Ecumenical Temple
  4059 | Temple   | Became a worshipper of Hepliaklqana the Forgotten
  4092 | D:4      | Found a hide-covered altar of Uskayaw.
  4108 | D:4      | Identified the +4 mace of Righteous Anger {freeze, Stlth+}
  4118 | D:4      | Reached skill level 1 in Axes
  4120 | D:4      | Reached skill level 6 in Conjurations
  4141 | D:4      | Your scales start taking on a golden yellow colour.
  4141 | D:4      | Reached XP level 7. HP: 32/51 MP: 12/12
  4141 | D:4      | Gained mutation: You are resistant to acid. (rCorr) [Yellow
                  | Draconian growth]
  4560 | D:5      | Entered Level 5 of the Dungeon
  4581 | D:5      | Noticed a yak
  4589 | D:5      | Noticed a yak
  4972 | D:5      | Noticed a yak
  4973 | D:5      | Noticed a yak
  4983 | D:5      | Killed a yak
  4985 | D:5      | Killed a yak
  4985 | D:5      | Reached XP level 8. HP: 60/60 MP: 11/13
  4994 | D:5      | HP: 1/60 [yak (7)]
  4996 | D:5      | Slain by a yak

Illustrated notes

Levels and vault maps discovered:
D:1:      dpeg_arrival_round_a, layout_rooms, minivault_4
D:2:      layout_rooms, uniq_robin
D:3:      layout_loops_ring, nicolae_qazlal_style_of_elements,
          hangedman_feature_mirror
D:4:      layout_cave_pools, eat_drink_and_be_merry_uskayaw,
          minmay_temple_entry_large_hall, minmay_misc_feat_square, minmay_puff
D:5:      layout_rooms, vehumet_crystals
Temple:   jpeg_temple_clearing

Skill      XL: |  1  2  3  4  5  6  7 |
---------------+----------------------+-----
Spellcasting   | 3 |  3.5
Conjurations   | 5 6 |  6.0
Fighting       | 1 2 3 4 |  4.8
Hexes          | 2 3 |  3.5
Axes           | 2 3 |  3.9
Maces & Flails | |  0.4
Dodging        | |  1.7
Stealth        | |  1.7

Action                   |  1- 3 |  4- 6 |  7- 9 || total
-------------------------+-------+-------+-------++-------
Melee: Unarmed           |    55 |       |       ||    55
       Tailslap          |     7 |     8 |     2 ||    17
       Staff             |    56 |    26 |       ||    82
       Whip              |       |    13 |       ||    13
       Hand axe          |       |    30 |    40 ||    70
 Cast: Magic Dart        |    54 |    43 |       ||    97
       Searing Ray       |     2 |    18 |     1 ||    21
       Dazzling Flash    |       |     1 |     1 ||     2
Invok: Ancestor Identity |       |     1 |       ||     1
 Abil: Breathe Acid      |       |       |     4 ||     4
  Use: Scroll            |       |     9 |       ||     9
       Potion            |       |     2 |     3 ||     5
 Stab: Sleeping          |       |       |     1 ||     1
Armor: Skin              |    32 |    24 |    19 ||    75
Dodge: Dodged            |    68 |    61 |    23 ||   152
Block: Other             |    24 |     9 |       ||    33
       Reflection        |       |     2 |       ||     2

Table legend: (Time is in decaauts)
 A = Elapsed time spent in this place.
 B = Non-inter-level travel time spent in this place.
 C = Inter-level travel time spent in this place.
 D = Time resting spent in this place.
 E = Time spent auto-exploring this place.
 F = Levels seen in this place.
 G = Mean time per level.
                   A        B        C        D        E       F      G
               +--------+--------+--------+--------+--------+-----+--------+
         Total |   5031 |   4850 |    181 |    641 |   3309 |   6 |  838.5 |
       Dungeon |   4906 |   4745 |    161 |    641 |   3219 |   5 |  981.2 |
        Temple |    124 |    104 |     20 |      0 |     90 |   1 |  124.0 |
               +--------+--------+--------+--------+--------+-----+--------+

Top non-repeatable levels by time:
     D:1: 1375 daAuts
     D:3: 1216 daAuts
     D:4: 1009 daAuts
     D:2: 912 daAuts
     D:5: 392 daAuts
  Temple: 124 daAuts
